 Dungeon Crawl Stone Soup version 0.25-a0-388-g41a7e554cb (webtiles) character file.

Game seed: 17372703278250396143, levelgen mode: deterministic

2009 Borgoz the Cudgeler (level 9, -3/81 HPs)
             Began as a Gargoyle Gladiator on Jan 7, 2020.
             Was an Initiate of Okawaru.
             Slain by an orc warrior
             ... wielding a +0 long sword
              (10 damage)
             ... on level 7 of the Dungeon.
             The game lasted 00:11:02 (7334 turns).

Borgoz the Cudgeler (Gargoyle Gladiator)            Turns: 7334, Time: 00:11:02

Health: -3/81      AC: 20    Str: 26    XL:     9   Next: 22%
Magic:  11/11      EV: 12    Int:  9    God:    Okawaru [......]
Gold:   279        SH:  0    Dex: 11    Spells: 4/8 levels left

rFire    . . .     SeeInvis .   C - +1 morningstar (crush)
rCold    . . .     Gourm    .   (no shield)
rNeg     + . .     Faith    .   y - +2 scale mail {rPois}
rPois    ∞         Spirit   .   c - +0 helmet
rElec    +         Reflect  .   u - +1 cloak {MR+}
rCorr    .         Harm     .   (no gloves)
MR       +....                  n - +0 pair of boots
Stlth    ..........             o - amulet of rage
HPRegen  0.23/turn              l - ring of attention (curse)
MPRegen  0.12/turn              (no ring)

@: berserking (expiring), very quick
A: negative energy resistance 1, electricity resistance, unbreathing,
petrification resistance, rot immunity, AC +6
a: Renounce Religion, Evoke Berserk Rage


You were on level 7 of the Dungeon.
You worshipped Okawaru.
Okawaru was noncommittal.
You were not hungry.

You visited 2 branches of the dungeon, and saw 8 of its levels.

You collected 279 gold pieces.

Inventory:

Hand Weapons
 k - a +1 flail of holy wrath
 C - a +1 morningstar of crushing (weapon)
Missiles
 d - 2 throwing nets (quivered)
 w - 11 boomerangs
Armour
 c - a +0 helmet (worn)
 n - a +0 pair of boots (worn)
 u - a +1 cloak of magic resistance (worn)
 y - a +2 scale mail of poison resistance (worn)
Jewellery
 b - an uncursed amulet of the acrobat
 l - a cursed ring of attention (left hand)
 o - an amulet of rage (around neck)
 F - an uncursed ring of magical power {unknown}
Wands
 p - a wand of paralysis (8)
 q - a wand of digging (7)
 x - a wand of disintegration (7)
Scrolls
 g - a scroll of blinking
 j - a scroll of teleportation
 m - a scroll of enchant weapon
Potions
 a - 2 potions of curing
 e - a potion of agility
 h - 3 potions of flight {unknown}
 i - a potion of cancellation
 t - a potion of heal wounds {unknown}
 v - 2 potions of lignification
 z - 3 potions of might
 A - a potion of berserk rage
 B - a potion of haste {unknown}
Comestibles
 f - 10 rations


   Skills:
 + Level 5.6 Fighting
 * Level 7.7 Maces & Flails
 - Level 1.7 Throwing
 + Level 5.1 Armour
 + Level 4.7 Dodging
 + Level 3.7 Evocations


You had 4 spell levels left.
You knew the following spells:

 Your Spells              Type           Power        Failure   Level  Hunger
a - Confusing Touch       Hex            #.....       65%         1    ##.....
b - Confuse               Hex            #.......     95%         3    ####...

Your spell library contained the following spells:

 Spells                   Type           Power        Failure   Level  Hunger
 Gell's Gravitas          Tloc           #.........   95%         3    ####...
 Petrify                  Tmut/Erth      #.......     100%        4    #####..
 Metabolic Englaciation   Hex/Ice        #.........   100%        5    ######.
 Yara's Violent Unravell  Hex/Tmut       #.........   100%        5    ######.


Dungeon Overview and Level Annotations

Branches:
Dungeon (7/15)             Temple (1/1) D:6

Altars:
Ashenzari
Cheibriados
Dithmenos
Elyvilon
Fedhas
Gozag
Hepliaklqana
Kikubaaqudgha
Makhleb
Nemelex Xobeh
Okawaru
Qazlal
Ru
Sif Muna
Trog
Uskayaw
Vehumet
Wu Jian
Xom
Yredelemnul
Zin
The Shining One

Annotations:
D:6 1 runed translucent door, LostGamesStreakFreak's ghost, novice MiFi


Innate Abilities, Weirdness & Mutations

You are resistant to torment.
Your stone body is resilient. (AC +6)
You are immune to poison.
You resist negative energy. (rN+)
You are resistant to electric shocks. (rElec)
You can survive without breathing.
You are immune to petrification.
You are immune to rotting.


Message History

You hit the orc warrior.
The orc warrior is lightly wounded.
The orc hits you but does no damage. The worker ant barely misses you.
The orc closely misses you.
You closely miss the orc warrior.
The orc warrior is lightly wounded.
The orc warrior hits you but does no damage.
The orc misses you.
You hit the orc warrior.
The orc warrior is moderately wounded.
The worker ant bites you but does no damage.
The orc barely misses you.
The orc warrior hits you but does no damage.
You closely miss the orc warrior.
The orc warrior is moderately wounded.
The worker ant barely misses you. The orc hits you but does no damage.
You closely miss the orc. The orc barely misses you.
The worker ant barely misses you.
The orc warrior hits you with a +0 long sword!
You die...

#..# #..#.
...#..
##....##
##..... #..#
...###......
#..#
#..#...#.#
#..#
#........#
#####..#
#..%.....#
#......#
#...)ao..#
#.<..#.#
#...o@o..#
#...##.#
##(.>.)...#
######.#
#(.####.###
#.# #.##....#
#.###.##.# ##
#.##.....####
#.##.......:.
#.....#######
##....#


You could see an orc warrior, a worker ant and 2 orcs.

Vanquished Creatures
  Sigmund (D:5)
  An ice beast (D:6)
  A sky beast (D:5)
  A centaur (D:7)
  2 ogres (D:5)
  Blork the orc (D:6)
  A bullfrog (D:6)
  3 scorpions
  2 howler monkeys
  A crimson imp (D:5)
  4 orc priests
  2 hounds
  Crazy Yiuf (D:2)
  9 orc wizards
  A bullfrog skeleton (D:6)
  2 iguanas (D:4)
  6 worker ants
  A hound zombie (D:5)
  A worker ant zombie (D:5)
  9 adders
  A howler monkey skeleton (D:4)
  A river rat (D:6)
  A shadow imp (D:5)
  An ooze (D:3)
  7 worms
  4 dart slugs
  6 leopard geckos
  41 orcs
  13 giant cockroaches
  11 goblins
  4 hobgoblins
  6 jackals (D:5)
  3 quokkas
  8 bats
  5 frilled lizards
  7 kobolds
  13 rats
182 creatures vanquished.

Notes
Turn   | Place    | Note
-------+----------+-------------------------------------------
     0 | D:1      | Borgoz the Gargoyle Gladiator began the quest for the Orb.
     0 | D:1      | Reached XP level 1. HP: 12/12 MP: 1/1
    82 | D:1      | Reached XP level 2. HP: 18/18 MP: 2/2
   594 | D:1      | Reached skill level 1 in Armour
   663 | D:1      | Reached XP level 3. HP: 22/22 MP: 3/3
  1444 | D:2      | Reached XP level 4. HP: 11/27 MP: 4/4
  1647 | D:2      | Reached skill level 4 in Maces & Flails
  1681 | D:2      | Found a shimmering altar of Xom.
  1756 | D:2      | Found a runed translucent door.
  1757 | D:2      | Noticed Crazy Yiuf
  2147 | D:2      | Killed Crazy Yiuf
  2147 | D:2      | Reached XP level 5. HP: 7/32 MP: 5/5
  3022 | D:3      | Reached XP level 6. HP: 33/37 MP: 6/6
  3707 | D:4      | Reached skill level 1 in Evocations
  3777 | D:4      | Reached skill level 5 in Maces & Flails
  3884 | D:4      | Found an opulent altar of Gozag.
  4141 | D:4      | Reached XP level 7. HP: 38/42 MP: 8/8
  4609 | D:5      | Entered Level 5 of the Dungeon
  4824 | D:5      | Reached skill level 6 in Maces & Flails
  4890 | D:5      | Reached XP level 8. HP: 39/48 MP: 9/9
  5111 | D:5      | Noticed Sigmund
  5134 | D:5      | Killed Sigmund
  5388 | D:5      | Reached skill level 5 in Fighting
  5400 | D:5      | Learned a level 1 spell: Confusing Touch
  5404 | D:5      | Learned a level 3 spell: Confuse
  5832 | D:6      | Reached skill level 7 in Maces & Flails
  5977 | D:6      | Noticed LostGamesStreakFreak's ghost (novice MiFi)
  5980 | D:6      | Found a runed translucent door.
  5998 | D:6      | Noticed Blork the orc
  6023 | D:6      | Killed Blork the orc
  6023 | D:6      | Reached XP level 9. HP: 54/54 MP: 11/11
  6084 | D:6      | Reached skill level 5 in Armour
  6526 | D:6      | Found a staircase to the Ecumenical Temple.
  6732 | Temple   | Entered the Ecumenical Temple
  6769 | Temple   | Became a worshipper of Warmaster Okawaru
  7334 | D:7      | Slain by an orc warrior

Levels and vault maps discovered:
D:1:      onia_arrival_pyramid, layout_basic
D:2:      layout_loops_corners, xom_butterflies, uniq_crazy_yiuf_cottage
D:3:      layout_basic, serial_curves, eino_curves_01, eino_curves_03
D:4:      layout_gridville, first_ration, grunt_gozag_breadcrumbs
D:5:      layout_loops_corners, hex_large, uniq_sigmund
D:6:      layout_basic, minmay_temple_entry_enclosed_plants,
          hellmonk_ghost_happy_afterlife, gup_sewer_entry_spiral,
          grunt_ministairs_6, abandoned_shop, uniq_blork_the_orc
D:7:      layout_rooms, fedhas_altar_fruit_tree
Temple:   regret_index_temple_sigil_plot

Skill      XL: |  1  2  3  4  5  6  7  8  9 |
---------------+----------------------------+-----
Armour         | 1 2 3 4 5 |  5.1
Maces & Flails | 4 5 6 7 |  7.7
Fighting       | 3 4 5 |  5.6
Dodging        | 3 4 |  4.7
Evocations     | 1 2 3 |  3.7
Throwing       | |  1.7

Action                   |  1- 3 |  4- 6 |  7- 9 || total
-------------------------+-------+-------+-------++-------
Melee: Flail             |   138 |   228 |       ||   366
       Morningstar       |       |       |   282 ||   282
Throw: Throwing net      |       |     3 |       ||     3
 Abil: Evoke Berserk Rag |       |     1 |     3 ||     4
Evoke: Wand              |       |     1 |     5 ||     6
  Use: Scroll            |       |       |    13 ||    13
  Eat: Chunk             |     2 |    10 |    10 ||    22
       Ration            |       |       |     1 ||     1
Armor: Leather armour    |    61 |    14 |       ||    75
       Ring mail         |       |    49 |       ||    49
       Scale mail        |       |    54 |   164 ||   218
Dodge: Dodged            |    98 |   151 |   191 ||   440

Table legend:
 A = Non-vault XP
 B = Vault XP
 C = Vault XP percentage of total XP
 D = Non-vault monster count
 E = Vault monster count
 F = Vault count percentage of total count
                 A         B        C        D         E       F
            +---------+---------+-------+---------+---------+-------
      Total |    2461 |     409 |  14.3 |     170 |      12 |   6.6
            +---------+---------+-------+---------+---------+-------
        D:1 |      40 |       0 |   0.0 |      24 |       0 |   0.0
        D:2 |     110 |      41 |  27.2 |      27 |       1 |   3.6
        D:3 |     142 |       0 |   0.0 |      31 |       0 |   0.0
        D:4 |     515 |       0 |   0.0 |      28 |       0 |   0.0
        D:5 |     934 |     223 |  19.3 |      41 |       1 |   2.4
        D:6 |     512 |     145 |  22.1 |      14 |      10 |  41.7
        D:7 |     208 |       0 |   0.0 |       5 |       0 |   0.0
            +---------+---------+-------+---------+---------+-------
